Map: Acropolis LE

Players

Smeeeger - Winner!

  • Race: Zerg Zerg
  • League: Platinum
  • Spawn Location: 5:00

Huray

  • Race: Terran Terran
  • League: Diamond
  • Spawn Location: 11:00

VOD

Have the link to the VOD?

Description

Time

  • Played on: July 7, 2019, 7:37 p.m.
  • Length: 23:11
Show
View Real Time Build Order
Export as new Build Order

Smeeeger Zerg - Winner!

Build Orders: Hatch First, Roach Hydra 

Get SALT Encoding   

  12  0:01  Drone  
  13  0:18  Overlord  
  13  0:19  Drone  
  14  0:37  Drone x2  
  16  0:48  Drone  
  17  0:51  Drone  
  18  1:10  Extractor  
  17  1:11  Drone  
  17  1:16  Hatchery  
  17  1:25  Drone x2, Spawning Pool  
  18  1:34  Drone  
  19  1:45  Overlord  
  19  2:14  Queen  
  21  2:16  Zergling x4  
  21  2:19  Hatchery  
  21  2:20  Zergling x2  
  23  2:29  Metabolic Boost  
  23  2:32  Queen  
  25  2:40  Drone  
  25  2:41  Drone x2  
  28  2:45  Drone  
  28  2:49  Drone  
  30  2:51  Overlord  
  30  3:07  Drone x2  
  30  3:08  Queen  
  32  3:30  Drone  
  32  3:31  Drone x3  
  32  3:32  Drone x2  
  32  3:33  Overlord x2  
  37  3:37  Zergling x2  
  37  3:40  Queen  
  40  3:50  Roach Warren  
  40  3:53  Queen  
  40  3:54  Drone  
  42  4:00  Lair  
  42  4:02  Drone x2  
  44  4:05  Drone  
  45  4:12  Evolution Chamber  
  45  4:15  Evolution Chamber  
  43  4:24  Drone  
  43  4:25  Drone x2  
  43  4:31  Drone x3  
  49  4:36  Roach x4  
  57  4:40  Overlord  
  57  4:44  Drone  
  58  4:46  Overlord  
  58  4:51  Spore Crawler  
  58  4:52  Zergling x2  
  58  5:01  Glial Reconstitution  
  58  5:14  Zergling x6  
  58  5:15  Roach, Zergling x2  
  64  5:22  Overlord  
  65  5:28  Drone x2, Extractor  
  65  5:29  Overlord  
  65  5:30  Extractor  
  65  5:34  Roach x2  
  68  5:42  Spore Crawler  
  67  5:43  Drone x4  
  67  5:44  Drone x2  
  67  5:46  Zergling x4  
  75  5:50  Drone x3  
  75  5:51  Drone  
  75  5:52  Drone x2  
  75  5:56  Spore Crawler  
  80  6:03  Roach  
  80  6:04  Roach x2  
  86  6:12  Drone x3  
  86  6:15  Overlord x3  
  86  6:16  Overseer, Overlord  
  89  6:42  Hydralisk Den  
  89  6:46  Extractor  
  87  6:47  Zerg Missile Weapons Level 1  
  79  7:21  Muscular Augments  
  79  7:23  Zerg Ground Armor Level 1  
  79  7:25  Drone x3  
  79  7:29  Extractor  
  81  7:31  Zergling x14  
  81  7:32  Extractor  
  87  7:39  Zergling x2  
  87  7:40  Hydralisk  
  87  7:41  Hydralisk x2  
  94  7:45  Drone  
  94  7:46  Drone x3  
  94  7:47  Drone x2, Overlord x2  
  94  7:49  Overseer  
  93  8:19  Roach x2  
  94  8:20  Roach  
  94  8:25  Zergling x4  
  94  8:26  Zergling x10  
  94  8:27  Zergling x2  
  102  8:33  Grooved Spines  
  102  8:39  Hatchery  
  83  8:47  Hydralisk x12  
  105  8:58  Zerg Missile Weapons Level 2  
  105  9:13  Hydralisk x4  
  113  9:24  Overlord x5  
  113  9:25  Overlord x5  
  113  9:48  Hydralisk x2  
  113  9:49  Hydralisk x11  
  113  9:51  Drone  
  140  10:13  Zerg Ground Armor Level 2  
  140  10:16  Drone  
  140  10:17  Drone x5  
  140  10:18  Drone x5  
  132  10:40  Zergling x2  
  132  10:41  Zergling x24  
  116  11:00  Spire  
  102  11:43  Zergling x8  
  97  11:58  Hydralisk x3, Zergling x2  
  97  11:59  Hydralisk x2  
  97  12:00  Zergling x18  
  97  12:01  Zergling x6  
  105  12:19  Drone  
  105  12:20  Drone x3  
  103  12:23  Extractor x2  
  103  12:27  Hydralisk x9  
  115  12:54  Overseer x2  
  115  12:56  Zerg Melee Weapons Level 1  
  115  12:59  Infestation Pit  
  114  13:14  Hatchery  
  103  13:45  Hydralisk  
  103  13:46  Hydralisk x15  
  126  13:59  Zergling x26  
  126  14:00  Zergling x8  
  125  14:21  Neural Parasite  
  125  14:25  Burrow  
  125  14:27  Hive  
  125  14:32  Queen  
  125  14:33  Hatchery  
  103  14:59  Hydralisk x6  
  79  15:00  Hydralisk x3  
  79  15:04  Hydralisk x2  
  79  15:05  Hydralisk  
  79  15:06  Roach x3  
  79  15:07  Roach x3  
  111  15:09  Drone x2  
  111  15:12  Extractor  
  111  15:13  Extractor  
  113  15:25  Corruptor  
  113  15:26  Corruptor x5  
  113  15:27  Corruptor x5  
  113  15:28  Corruptor x2  
  135  15:34  Zerg Melee Weapons Level 2  
  139  15:39  Greater Spire  
  139  15:40  Pathogen Glands  
  139  15:52  Drone x3  
  139  15:53  Drone x2  
  139  15:54  Drone x2  
  139  15:55  Drone x2  
  148  16:10  Zergling x24  
  148  16:11  Zergling x16  
  154  16:17  Zergling x2  
  132  16:25  Queen  
  134  16:28  Hydralisk x7  
  146  16:37  Zergling x10  
  127  16:48  Zergling x12  
  130  17:03  Brood Lord x5  
  130  17:04  Brood Lord  
  142  17:09  Drone x3  
  142  17:10  Drone x2  
  142  17:11  Drone x2  
  142  17:14  Drone  
  142  17:15  Drone x2  
  152  17:25  Zergling x14  
  158  17:33  Overlord x4  
  158  17:34  Overlord  
  158  17:40  Drone x4, Spine Crawler x2  
  158  17:41  Drone x4, Spine Crawler  
  158  17:42  Drone x2, Spine Crawler  
  158  17:43  Spine Crawler  
  163  17:47  Spine Crawler  
  159  18:17  Hydralisk  
  147  18:20  Hydralisk  
  147  18:21  Hydralisk x16  
  145  18:37  Roach x6  
  152  18:49  Hydralisk x6  
  155  18:59  Overseer x2  
  155  19:00  Overseer x2  
  155  19:01  Pneumatized Carapace  
  145  19:12  Roach  
  145  19:14  Roach x12  
  155  19:19  Zergling x2  
  155  19:20  Zergling x8  
  154  19:27  Queen  
  154  19:29  Spore Crawler  
  155  19:31  Spore Crawler  
  155  19:32  Drone x5, Spine Crawler  
  155  19:33  Drone, Spine Crawler  
  137  19:47  Corruptor  
  137  19:48  Corruptor x12  
  127  20:19  Hydralisk x13  
  147  20:31  Zergling x12  
  153  20:45  Zergling x2  
  153  20:46  Zergling x20  
  158  21:07  Brood Lord x7  
  158  21:11  Corruptor x2  
  176  21:33  Hatchery  
  176  21:38  Corruptor x3  
  176  21:39  Corruptor x2, Extractor x2  
  171  22:20  Zergling x26  
  171  22:21  Zergling x22  
  185  22:41  Zergling x22  
Show
View Real Time Build Order
Export as new Build Order

Huray Terran 

Build Orders:  

Get SALT Encoding   

  12  0:01  SCV  
  13  0:13  SCV  
  14  0:26  SCV  
  15  0:34  Supply Depot  
  15  0:55  SCV  
  16  0:59  Barracks  
  16  1:08  SCV  
  17  1:15  Command Center  
  17  1:22  SCV  
  18  1:35  SCV  
  19  1:50  Marine, Orbital Command  
  20  1:55  Refinery  
  20  1:56  Refinery  
  20  2:09  Marine  
  21  2:18  SCV  
  21  2:19  Engineering Bay  
  22  2:28  SCV  
  23  2:33  SCV  
  23  2:35  Marine  
  25  2:42  Supply Depot  
  25  2:51  Planetary Fortress  
  25  2:53  Marine  
  26  3:07  SCV  
  26  3:08  Supply Depot  
  27  3:19  SCV  
  28  3:22  Factory  
  26  3:32  Supply Depot  
  26  3:34  SCV  
  26  3:35  SCV  
  28  3:46  SCV  
  28  3:47  Barracks Reactor  
  29  3:48  SCV  
  30  3:58  SCV  
  30  4:00  SCV  
  32  4:10  Refinery, SCV  
  32  4:11  Refinery  
  32  4:13  SCV  
  34  4:23  SCV  
  35  4:25  SCV  
  36  4:35  SCV  
  36  4:37  SCV  
  38  4:47  Starport, Widow Mine x2, SCV  
  38  4:48  Starport  
  38  4:49  Starport, SCV  
  44  4:56  Command Center  
  44  4:57  Command Center  
  44  4:59  SCV  
  45  5:01  SCV  
  46  5:08  Widow Mine x2  
  46  5:11  SCV  
  51  5:24  SCV x2  
  51  5:26  Starport Reactor x2  
  51  5:27  Starport Reactor  
  53  5:36  SCV x2  
  53  5:38  Widow Mine  
  53  5:39  Widow Mine  
  59  5:48  SCV x2  
  61  5:59  Supply Depot  
  61  6:00  Supply Depot  
  61  6:02  Supply Depot  
  61  6:04  Missile Turret  
  61  6:05  Missile Turret  
  61  6:08  Viking x3  
  61  6:09  Viking  
  61  6:10  Viking  
  71  6:15  Orbital Command  
  71  6:20  Orbital Command  
  71  6:29  Widow Mine x2  
  75  6:33  Supply Depot x2  
  75  6:36  SCV  
  75  6:37  SCV  
  78  6:47  SCV x2  
  78  6:48  SCV  
  78  6:50  SCV  
  81  6:55  Viking  
  81  6:56  Viking  
  81  6:57  Viking  
  81  6:59  SCV  
  81  7:00  SCV  
  75  7:18  Viking  
  75  7:19  Viking x2  
  81  7:25  Viking  
  81  7:26  Viking  
  81  7:27  Viking  
  87  7:46  Widow Mine x2  
  87  7:48  Viking  
  87  7:49  Viking x2  
  97  7:52  Factory  
  97  7:53  Factory  
  99  8:01  Viking x3  
  97  8:22  Orbital Command  
  97  8:26  Armory  
  97  8:28  Armory  
  97  8:46  SCV  
  97  8:47  SCV  
  99  8:50  Factory Reactor, Factory Tech Lab  
  99  8:57  SCV x2  
  99  8:58  SCV  
  99  8:59  SCV  
  103  9:06  Refinery  
  103  9:08  Refinery  
  103  9:09  SCV x2  
  105  9:11  SCV x2  
  107  9:19  Widow Mine x3  
  107  9:21  Drilling Claws, SCV  
  107  9:24  Terran Ship Weapons Level 1, Terran Vehicle And Ship Armor Level 1  
  114  9:34  Widow Mine x2  
  118  9:40  Widow Mine x3  
  118  9:55  Widow Mine  
  118  9:56  Widow Mine  
  122  10:00  Supply Depot x2  
  122  10:01  Widow Mine x2  
  122  10:02  Supply Depot, Widow Mine  
  122  10:03  Supply Depot  
  128  10:16  Widow Mine  
  128  10:17  Widow Mine  
  132  10:23  Sensor Tower, Widow Mine x3  
  115  10:38  Hellion x2  
  103  10:44  Hellion x3  
  103  10:49  Viking x2  
  103  10:50  Viking x4  
  110  10:59  Hellion  
  112  11:09  Widow Mine x4  
  116  11:19  Viking x4  
  116  11:21  Widow Mine  
  118  11:30  Widow Mine  
  118  11:31  Hellion x2, Widow Mine  
  120  11:42  Hellion  
  114  11:51  Hellion  
  114  11:52  Hellion x3  
  114  12:03  Hellion  
  104  12:13  Hellion x2  
  104  12:14  Orbital Command  
  100  12:27  Viking x4  
  100  12:28  Viking x2  
  112  12:46  Refinery x2  
  112  12:57  Viking  
  114  13:00  Widow Mine  
  114  13:01  Widow Mine x4  
  124  13:17  Factory  
  124  13:22  Widow Mine x5  
  128  13:44  Hellion x2  
  101  14:06  Viking  
  101  14:07  Viking x5  
  101  14:09  Hellion x5  
  123  14:30  Hellion  
  123  14:31  Hellion x4  
  133  14:36  Factory Reactor, Viking  
  133  14:37  Viking  
  133  14:38  Terran Ship Weapons Level 2  
  137  14:51  Hellion  
  137  14:52  Hellion x4  
  125  15:03  Refinery  
  125  15:12  Command Center  
  125  15:13  Hellion x5  
  135  15:16  Command Center  
  135  15:20  Command Center  
  135  15:30  Viking  
  135  15:31  Viking x5  
  135  15:35  Hellion  
  149  16:03  Viking  
  149  16:04  Viking x2  
  127  16:19  Terran Vehicle And Ship Armor Level 2  
  107  16:51  Hellion  
  107  16:52  Hellion x6  
  109  17:13  Hellion x7  
  121  17:20  Orbital Command  
  121  17:22  Refinery  
  121  17:25  Terran Ship Weapons Level 3  
  121  17:29  Refinery  
  121  17:31  Planetary Fortress  
  121  17:34  Hellion  
  121  17:35  Hellion x4  
  131  17:37  Planetary Fortress  
  131  17:53  Viking  
  131  17:54  Viking  
  131  17:58  Viking  
  137  18:09  Refinery  
  136  18:13  Refinery  
  127  18:46  Widow Mine x4  
  127  18:47  Widow Mine x3  
  141  18:52  SCV x3  
  136  19:07  Widow Mine  
  136  19:08  Widow Mine x5  
  134  19:16  Hellion  
  98  19:28  Viking  
  98  19:29  Hellion x6  
  112  19:37  Hellion  
  114  19:50  Hellion  
  110  20:05  Viking x3  
  110  20:06  Viking  
  102  20:39  Widow Mine x7  
  116  20:50  Terran Vehicle Weapons Level 1  
  108  20:58  Viking  
  108  20:59  Viking  
  108  21:00  Widow Mine  
  114  21:09  Hellion x3  
  120  21:28  Hellion  
  120  21:29  Hellion x3  
  120  21:30  Hellion  
  120  21:31  Hellion x2  
  134  21:34  Viking  
  130  22:11  Orbital Command  
  76  22:23  Viking x4  
  76  22:24  Viking x2  
Tags
 
Composition
Roach Hydra
Matchup
TvZ
Replay Pack
SC2 replays
Spawn Locations
Cross Positions
Add a new tag
Caveats
  • Supply blocks, unpowered buildings, or Contaminate may cause inaccurate times.
  • Supply counts are checked every 10 seconds.